 Dungeon Crawl Stone Soup version 0.21.0-3-g78d12a8 (console) character file.

152 ahub the Slasher (level 5, -7/61 HPs)
             Began as a Demonspawn Monk on Jan 9, 2018.
             Was a Believer of Trog.
             Mangled by a gnoll
             ... wielding a +0 halberd
              (11 damage)
             ... on level 3 of the Dungeon.
             The game lasted 00:04:35 (2015 turns).

ahub the Slasher (Demonspawn Monk)                  Turns: 2015, Time: 00:04:37

Health: -7/61      AC:  6    Str: 17    XL:     5   Next: 11%
Magic:  5/5        EV: 12    Int: 12    God:    Trog [**....]
Gold:   113        SH:  0    Dex: 15    Spells: 4/4 levels left

rFire    . . .     SeeInvis .   a - +0 falchion
rCold    . . .     Gourm    .   (no shield)
rNeg     . . .     Faith    .   d - +0 ring mail
rPois    .         Spirit   .   (no helmet)
rElec    .         Reflect  .   (no cloak)
rCorr    .         Harm     .   (no gloves)
MR       ++...                  p - +0 pair of boots (curse)
Stlth    ..........             (no amulet)
HPRegen  1.20/turn              (no ring)
MPRegen  0.09/turn              (no ring)

@: berserking, regenerating, very quick
A: claws 1, foul stench 1, rot immunity
a: Berserk, Trog's Hand, Burn Spellbooks, Renounce Religion


You were on level 3 of the Dungeon.
You worshipped Trog.
Trog was pleased with you.
You were very hungry.

You visited 1 branch of the dungeon, and saw 3 of its levels.

You collected 113 gold pieces.

Inventory:

Hand Weapons
 a - a +0 falchion (weapon)
Missiles
 e - 13 tomahawks (quivered)
Armour
 d - a +0 ring mail (worn)
 p - a cursed +0 pair of boots (worn)
Jewellery
 g - an uncursed ring of positive energy {unknown}
Scrolls
 b - a scroll of remove curse {unknown}
 f - 2 scrolls of magic mapping {unknown}
 h - a scroll of fog {unknown}
 i - a scroll of amnesia {unknown}
 j - 3 scrolls of identify {unknown}
 l - a scroll of fear {unknown}
 q - a scroll of immolation {unknown}
Potions
 k - 2 potions of agility {unknown}
 m - a potion of degeneration {unknown}
 n - a potion of heal wounds {unknown}
 o - 2 potions of might {unknown}
Comestibles
 c - 6 rations
 r - 3 chunks of flesh


   Skills:
 + Level 3.6 Fighting
 * Level 4.0 Long Blades
 + Level 0.9 Throwing
 + Level 1.0 Armour
 + Level 3.4 Dodging
 - Level 1.9 Stealth


You had 4 spell levels left.
You didn't know any spells.

Dungeon Overview and Level Annotations

Branches:
Dungeon (3/15)

Altars:
Nemelex Xobeh
Trog
Uskayaw


Innate Abilities, Weirdness & Mutations

You have sharp fingernails.
You may emit foul miasma when damaged in melee.
You are immune to rotting.


Message History

The gnoll hits you from afar with a halberd!
* * * LOW HITPOINT WARNING * * *
The gnoll barely misses you.
You slash the gnoll!
You kill the gnoll!
Trog accepts your kill. The gnoll barely misses you.
Things that are here:
a mace; a scroll labeled NERGHE RIBO You barely miss the gnoll.
The gnoll is moderately wounded.
You closely miss the gnoll.
The gnoll is moderately wounded.
You feel the effects of Trog's Hand fading.
The gnoll hits you with a halberd.
* * * LOW HITPOINT WARNING * * *
You slash the gnoll!
The gnoll is almost dead.
The gnoll hits you with a halberd!
You die...

#......####..##
#####.###...# #...##.#
##....#####.###.###
#.#.##... .......#....<..#
....................#.#####
#.##................#.#
....................(.##
........ ..............#
...... ...........#..####
#.##.. ......<....#..(..#
......g...###....#
#..)@.####.)..##
####!..........#
########.......# #.......#
#.......# #.......#
#.......# #.......# #######


You could see a gnoll.

Vanquished Creatures
  An orc priest (D:3)
  3 gnolls
  An adder (D:2)
  A shadow imp (D:3)
  A worm (D:2)
  2 dart slugs
  3 leopard geckos
  8 orcs (D:3)
  8 bats
  2 giant cockroaches
  5 goblins
  8 hobgoblins
  A quokka (D:2)
  A ball python (D:1)
  5 frilled lizards
  7 kobolds
  4 rats
61 creatures vanquished.

Vanquished Creatures (others)
  A kraken (D:1)
  A minotaur (D:1)
  A draconian (D:1)
  An octopode (D:1)
  A spriggan (D:1)
  A formicid (D:1)
  2 vampires (D:1)
  A naga (D:1)
  A dwarf (D:1)
  An ogre (D:1)
  A centaur (D:1)
  7 tentacles (D:1)
19 creatures vanquished.

Grand Total: 80 creatures vanquished

Notes
Turn   | Place    | Note
-------+----------+-------------------------------------------
     0 | D:1      | ahub the Demonspawn Monk began the quest for the Orb.
     0 | D:1      | Reached XP level 1. HP: 18/18 MP: 1/1
     2 | D:1      | Noticed an ogre
     2 | D:1      | Noticed a minotaur
     2 | D:1      | Noticed a troll
     2 | D:1      | Noticed a vampire
     2 | D:1      | Noticed a vampire
     2 | D:1      | Noticed a formicid
     2 | D:1      | Noticed a kraken
     2 | D:1      | Noticed an elf
     2 | D:1      | Noticed a draconian
     2 | D:1      | Noticed a troll
     2 | D:1      | Noticed a spriggan
     2 | D:1      | Noticed a centaur
     2 | D:1      | Noticed a vampire
     2 | D:1      | Noticed a naga
     2 | D:1      | Noticed an octopode
     2 | D:1      | Noticed a dwarf
     5 | D:1      | Killed a vampire
     7 | D:1      | Killed a formicid
     9 | D:1      | Killed a draconian
     9 | D:1      | Killed an octopode
    10 | D:1      | Killed a spriggan
    12 | D:1      | Killed a minotaur
    12 | D:1      | Killed a naga
    14 | D:1      | Killed an ogre
    14 | D:1      | Killed a vampire
    17 | D:1      | Killed a dwarf
    17 | D:1      | Killed a centaur
    18 | D:1      | Killed a kraken
   149 | D:1      | Reached skill level 3 in Long Blades
   165 | D:1      | Gained mutation: You are immune to rotting. [demonic ancestry]
   165 | D:1      | Reached XP level 2. HP: 24/24 MP: 2/2
   569 | D:1      | Gained mutation: You have sharp fingernails. [demonic ancestry]
   569 | D:1      | Reached XP level 3. HP: 28/29 MP: 3/3
   696 | D:1      | You fall through a shaft!
  1070 | D:2      | Found a bloodstained altar of Trog.
  1075 | D:2      | Became a worshipper of Trog the Wrathful
  1075 | D:2      | Reached * piety under Trog
  1075 | D:2      | Reached ** piety under Trog
  1228 | D:2      | Found a sparkling altar of Nemelex Xobeh.
  1228 | D:2      | Found a hide-covered altar of Uskayaw.
  1464 | D:3      | Gained mutation: You may emit foul miasma when damaged in melee. [demonic ancestry]
  1464 | D:3      | Reached XP level 4. HP: 33/35 MP: 4/4
  1992 | D:3      | Reached skill level 1 in Armour
  2010 | D:3      | Reached skill level 4 in Long Blades
  2010 | D:3      | Reached XP level 5. HP: 18/41 MP: 5/5
  2014 | D:3      | HP: 3/61 [gnoll/halberd (5)]
  2015 | D:3      | Mangled by a gnoll

Skill      XL: |  1  2  3  4 |
---------------+-------------+-----
Long Blades    | 3 4 |  4.0
Dodging        | 3 |  3.4
Armour         | 1 |  1.0
Fighting       | |  3.6
Throwing       | |  0.9
Stealth        | |  1.9

Action                   |  1- 3 |  4- 6 || total
-------------------------+-------+-------++-------
Melee: Falchion          |   112 |    56 ||   168
Invok: Berserk           |       |     2 ||     2
       Trog's Hand       |       |     1 ||     1
  Eat: Chunk             |     2 |     3 ||     5
Armor: Ring mail         |    51 |    17 ||    68
       Robe              |     1 |       ||     1
Dodge: Dodged            |    81 |    43 ||   124
       Rpst.: Falchion   |    23 |    14 ||    37
